Map: 环轨星港

Players

正面一坨多线送兵 - Winner!

  • Race: Terran Terran
  • League: Platinum

Quail

  • Race: Protoss Protoss
  • League: Diamond

VOD

Have the link to the VOD?

Description

Time

  • Played on: Dec. 5, 2015, 10 a.m.
  • Length: 10:51
Show
View Real Time Build Order
Export as new Build Order

正面一坨多线送兵 Terran - Winner!

Build Orders: Command Center First (CC), MMM Bio 

Get SALT Encoding   

  12  0:02  SCV  
  13  0:14  SCV  
  13  0:19  Supply Depot  
  14  0:26  SCV  
  15  0:40  SCV  
  16  0:53  SCV  
  17  0:59  Command Center  
  17  1:09  Barracks  
  17  1:12  SCV  
  18  1:24  SCV  
  19  1:26  Barracks  
  19  1:37  SCV  
  20  1:43  Barracks  
  20  1:49  SCV  
  21  1:57  Marine  
  21  2:01  Orbital Command  
  22  2:10  Orbital Command  
  22  2:13  Marine  
  22  2:15  Marine  
  24  2:27  SCV  
  25  2:30  Marine  
  25  2:31  Marine  
  26  2:39  SCV  
  26  2:40  Marine  
  26  2:41  SCV  
  29  2:45  Supply Depot  
  29  2:46  Refinery  
  29  2:48  Marine  
  29  2:49  Refinery  
  30  2:51  SCV, Marine  
  32  2:59  Marine  
  32  3:02  SCV, Bunker  
  34  3:06  SCV  
  34  3:07  Supply Depot  
  35  3:13  Marine  
  35  3:14  SCV  
  35  3:18  SCV  
  38  3:21  Engineering Bay  
  38  3:23  Marine x2  
  38  3:26  SCV  
  41  3:30  SCV  
  41  3:31  Marine  
  43  3:38  SCV  
  44  3:43  SCV  
  44  3:44  Factory  
  44  3:47  Barracks Tech Lab  
  45  3:50  SCV  
  45  3:52  Supply Depot  
  45  3:55  SCV  
  47  3:56  Marine x2  
  49  4:03  SCV  
  49  4:04  Supply Depot  
  49  4:06  Missile Turret  
  49  4:07  SCV  
  49  4:08  Stimpack  
  51  4:15  SCV  
  52  4:19  SCV  
  53  4:25  Missile Turret  
  53  4:26  Marine  
  53  4:27  SCV, Missile Turret, Marine  
  53  4:28  Marauder  
  53  4:30  Starport  
  58  4:32  Factory Reactor  
  58  4:34  SCV  
  59  4:39  SCV  
  60  4:46  SCV  
  60  4:49  Refinery  
  60  4:50  Barracks Tech Lab  
  60  4:51  Barracks Reactor, SCV  
  62  4:54  Marine  
  63  5:00  Command Center, Refinery  
  63  5:03  Supply Depot, SCV x2  
  63  5:06  Supply Depot  
  65  5:15  SCV  
  65  5:16  Medivac  
  65  5:20  SCV  
  69  5:25  Concussive Shells  
  69  5:27  SCV  
  69  5:28  Marine x2  
  72  5:29  Terran Infantry Weapons Level 1  
  72  5:32  SCV  
  73  5:39  SCV  
  69  5:44  SCV  
  69  5:45  Marine  
  65  5:50  Medivac  
  65  5:53  Missile Turret  
  65  6:02  Marauder, Marine x2  
  65  6:03  Marine  
  67  6:05  Barracks x2  
  66  6:17  SCV, Factory Reactor  
  66  6:19  Marine  
  66  6:20  SCV  
  66  6:21  Marauder  
  70  6:29  Combat Shields, SCV  
  71  6:35  SCV  
  72  6:40  Missile Turret  
  72  6:41  SCV, Marine x2  
  72  6:42  Medivac, Marauder  
  79  6:49  SCV, Marine  
  79  6:53  Missile Turret  
  81  6:59  Marine x2  
  83  7:03  Barracks Reactor, Barracks Tech Lab, Marauder  
  83  7:06  Supply Depot  
  83  7:07  Marine  
  86  7:14  Supply Depot  
  86  7:16  Supply Depot  
  86  7:18  Supply Depot  
  86  7:23  Marine x2  
  86  7:24  Terran Infantry Armor Level 1, Marauder  
  86  7:26  Orbital Command  
  86  7:27  Marine x2, Medivac  
  96  7:36  Supply Depot  
  96  7:41  Orbital Command, Marine x2  
  91  7:51  Marine x2, Marauder x2  
  91  7:52  Marauder  
  93  7:58  Medivac  
  93  7:59  Marine x2  
  93  8:01  Barracks  
  93  8:02  Factory Tech Lab, Barracks  
  97  8:09  Supply Depot, Marine x2  
  97  8:12  Marauder, Marine  
  102  8:13  Marine  
  102  8:17  Marine x2  
  104  8:26  Siege Tank  
  106  8:27  Marine x2  
  106  8:28  Missile Turret  
  106  8:29  Barracks  
  106  8:30  Marine  
  106  8:31  Marauder  
  106  8:33  Marine  
  112  8:34  Marine  
  112  8:35  Marine  
  112  8:40  SCV  
  112  8:41  SCV  
  116  8:45  Marine x2  
  116  8:46  Medivac  
  116  8:48  Medivac, Marine  
  121  8:51  Marine  
  121  8:52  Marine  
  121  8:53  Marauder  
  121  8:54  SCV  
  121  8:55  SCV x2  
  130  9:00  Barracks Tech Lab x2  
  130  9:02  Marine x2  
  130  9:03  Marine  
  130  9:06  Marauder  
  130  9:09  Marine  
  136  9:10  Marine  
  136  9:13  Marine  
  136  9:14  Siege Tank  
  141  9:19  Marine  
  141  9:20  Marine x4  
  141  9:21  Marine, Marauder  
  149  9:27  SCV x2, Marauder  
  149  9:28  SCV  
  130  9:35  Marine  
  130  9:37  Marine  
  123  9:39  SCV x2, Marine x3  
  123  9:40  Marauder  
  123  9:43  Marine  
  123  9:44  Marine x2  
  117  9:48  Marine x2  
  111  9:53  Marine  
  111  9:55  Marine  
  111  9:57  Marine x3  
  115  10:00  Marine  
  115  10:01  SCV x2  
  115  10:05  Missile Turret, Marine  
  115  10:06  Marauder, Marine  
  122  10:15  Marine  
  122  10:18  Marine x2  
  122  10:19  Marauder, Marine x3  
  122  10:20  Marauder  
  132  10:23  SCV x2, Marine  
  132  10:25  Missile Turret  
  132  10:26  Marine  
  132  10:27  Marine  
Show
View Real Time Build Order
Export as new Build Order

Quail Protoss 

Build Orders: 1 Gate Expand 

Get SALT Encoding   

  12  0:00  Probe (Chrono Boost)  
  13  0:11  Probe (Chrono Boost)  
  14  0:17  Pylon  
  14  0:23  Probe (Chrono Boost)  
  16  0:35  Probe (Chrono Boost)  
  16  0:38  Gateway  
  16  0:42  Assimilator  
  16  0:46  Probe (Chrono Boost)  
  18  0:57  Probe (Chrono Boost)  
  18  1:07  Probe (Chrono Boost)  
  19  1:18  Probe (Chrono Boost)  
  20  1:26  Cybernetics Core  
  20  1:28  Probe (Chrono Boost)  
  21  1:37  Nexus  
  21  1:45  Pylon  
  21  1:50  Probe (Chrono Boost)  
  22  1:56  Assimilator  
  22  2:00  Probe (Chrono Boost)  
  23  2:03  Adept (Chrono Boost)  
  25  2:12  Mothership Core, Warp Gate  
  27  2:33  Probe  
  27  2:34  Robotics Facility  
  28  2:39  Adept (Chrono Boost)  
  30  2:45  Probe  
  30  2:50  Probe, Pylon  
  31  2:57  Probe  
  33  3:02  Gateway  
  33  3:07  Probe  
  33  3:10  Probe  
  33  3:18  Probe  
  34  3:20  Twilight Council  
  34  3:23  Observer  
  35  3:37  Gateway, Adept (Chrono Boost)  
  37  3:45  Observer  
  38  3:58  Gateway  
  38  4:01  Gateway, Probe  
  38  4:02  Probe  
  39  4:05  Warp Prism (Chrono Boost)  
  39  4:08  Resonating Glaives (Chrono Boost)  
  42  4:14  Probe  
  42  4:15  Probe  
  48  4:27  Probe  
  48  4:30  Probe  
  45  4:36  Pylon  
  46  4:39  Probe  
  46  4:40  Probe, Pylon  
  46  4:44  Adept  
  46  4:45  Adept x2  
  54  4:54  Immortal  
  54  4:57  Pylon  
  54  4:58  Probe  
  54  4:59  Probe  
  60  5:13  Adept x3  
  66  5:17  Probe  
  66  5:19  Probe, Pylon  
  68  5:31  Probe  
  68  5:33  Robotics Bay  
  69  5:36  Adept x2  
  73  5:53  Adept x3  
  79  5:59  Immortal (Chrono Boost)  
  79  6:00  Probe  
  79  6:02  Probe  
  79  6:04  Assimilator  
  85  6:07  Forge, Assimilator  
  81  6:21  Adept x2  
  85  6:31  Pylon  
  85  6:33  Pylon  
  85  6:42  Photon Cannon  
  85  6:43  Photon Cannon  
  84  6:47  Adept  
  84  6:49  Disruptor (Chrono Boost)  
  84  6:50  Adept x2  
  93  6:57  Protoss Ground Weapons Level 1  
  91  7:09  Probe, Pylon  
  91  7:10  Probe  
  93  7:20  Probe, Photon Cannon  
  94  7:22  Probe  
  94  7:23  Disruptor (Chrono Boost)  
  98  7:31  Stalker x3  
  98  7:32  Stalker  
  105  7:47  Probe  
  105  7:49  Probe  
  107  7:55  Photon Cannon  
  107  7:57  Stalker, Photon Cannon  
  109  8:20  Nexus  
  109  8:22  Pylon  
  109  8:23  Pylon  
  109  8:25  Pylon  
  107  8:33  Warp Prism (Chrono Boost)  
  109  8:40  Gateway  
  109  8:42  Gateway  
  109  8:44  Templar Archives  
  109  8:45  Probe  
  109  8:46  Probe  
  111  9:04  Disruptor (Chrono Boost)  
  114  9:10  Stalker x2  
  102  9:42  Adept  
  102  9:43  Adept x2  
  102  9:44  Adept x2  
  62  9:53  Probe x2  
  62  9:55  Probe  
  62  9:57  Disruptor (Chrono Boost)  
  62  10:09  Stalker  
  62  10:10  Stalker x6  
  73  10:27  Probe  
  76  10:28  Probe  
  76  10:33  Photon Cannon  
  76  10:34  Photon Cannon  
  68  10:44  Adept x5  
Tags
 
Add a new tag
Caveats
  • Supply blocks, unpowered buildings, or Contaminate may cause inaccurate times.
  • Supply counts are checked every 10 seconds.